 Dungeon Crawl Stone Soup version 0.31-a0-358-gac0dbeb3ab (webtiles) character file.

Game seed: 13474337349661504229

219 Shayle the Insei (level 5, -4/41 HPs)
             Began as a Gnoll Shapeshifter on July 26, 2023.
             Slain by a gnoll
             ... wielding a +0 halberd
              (13 damage)
             ... on level 3 of the Dungeon.
             The game lasted 00:03:36 (1303 turns).

Shayle the Insei (Gnoll Shapeshifter)               Turns: 1303, Time: 00:03:37

Health: -4/41      AC:  2    Str: 14    XL:     5   Next: 96%
Magic:  6/7        EV: 14    Int:  8    God:
Gold:   40         SH:  0    Dex: 14    Spells: 4/7 levels left

rFire   . .          .
                       - Unarmed
rCold   . . .        (no shield)
rNeg    . . .        a - +0 animal skin
rPois   .            (helmet currently unavailable)
rElec   .            (cloak currently unavailable)
rCorr   .            (gloves currently unavailable)
SInv    .            (boots currently unavailable)
Will    .....        (no amulet)
Stlth   +            (no ring)
HPRegen 0.26/turn    (no ring)
MPRegen 0.10/turn

%: no passive effects
@: beast-form, silenced
A: beast (slay +4), fangs 1, strong nose, distributed training
a: Begin Untransformation


You were on level 3 of the Dungeon.
You were a hulking beast.
You visited 1 branch of the dungeon, and saw 3 of its levels.

You collected 40 gold pieces.

Inventory:

Armour
 a - a +0 animal skin (worn)
 l - a +1 pair of gloves
Talismans
 c - a beast talisman
Wands
 k - a wand of flame (19)
Potions
 b - a potion of lignification
 d - a potion of mutation {unknown}
 h - a potion of might {unknown}
 j - a potion of heal wounds {unknown}


   Skills:
 + Level 3.1 Fighting
 + Level 1.7 Short Blades
 + Level 1.7 Long Blades
 + Level 1.7 Axes
 + Level 1.7 Maces & Flails
 + Level 1.7 Polearms
 + Level 1.7 Staves
 + Level 1.7 Ranged Weapons
 + Level 1.7 Throwing
 + Level 1.7 Armour
 + Level 4.9 Dodging
 + Level 1.7 Stealth
 + Level 1.7 Shields
 + Level 6.7 Unarmed Combat
 + Level 1.7 Spellcasting
 + Level 1.3 Conjurations
 + Level 1.3 Hexes
 + Level 1.3 Summonings
 + Level 1.3 Necromancy
 + Level 1.3 Translocations
 + Level 1.3 Transmutations
 + Level 1.3 Fire Magic
 + Level 1.3 Ice Magic
 + Level 1.3 Air Magic
 + Level 1.3 Earth Magic
 + Level 1.3 Poison Magic
 + Level 2.0 Invocations
 + Level 1.7 Evocations
 + Level 6.6 Shapeshifting


You had 4 spell levels left.
You knew the following spells:

 Your Spells              Type           Power      Damage    Failure   Level
a - Mephitic Cloud        Conj/Pois/Air  2%         N/A       54%         3

Your spell library contained the following spells:

 Spells                   Type           Power      Damage    Failure   Level
 Magic Dart               Conj           8%         1d3       22%         1
 Blink                    Tloc           4%         N/A       32%         2
 Call Imp                 Summ           4%         N/A       32%         2
 Lesser Beckoning         Tloc           4%         N/A       32%         2
 Momentum Strike          Conj/Tloc      4%         3d8       32%         2


Dungeon Overview and Level Annotations

Branches:
Dungeon (3/15)

Altars:


Innate Abilities, Weirdness & Mutations

You are a hulking beast.
Your limbs bulge with bestial killing power. (Slay +4)
You have very sharp teeth.
Your uncanny sense of smell can sniff out nearby items.
Your experience applies equally to all skills.


Message History

Your Fighting skill increases to level 3!
Your Conjurations skill increases to level 1!
Your Hexes skill increases to level 1!
Your Summonings skill increases to level 1!
Your Necromancy skill increases to level 1!
Your Translocations skill increases to level 1!
Your Transmutations skill increases to level 1!
Your Fire Magic skill increases to level 1!
Your Ice Magic skill increases to level 1!
Your Air Magic skill increases to level 1!
Your Earth Magic skill increases to level 1!
Your Poison Magic skill increases to level 1!
Your Invocations skill increases to level 2!
You have reached level 5!
Unknown command.
You hit the kobold.
You kill the kobold!
The gnoll throws a throwing net.
The throwing net hits you.
You become entangled in the net!
Unknown command.
You tear a large gash into the net.
You struggle against the net.
You shred the net and break free!
The gnoll throws a throwing net.
The throwing net hits you.
You become entangled in the net!
You see here a throwing net.
You struggle against the net.
You struggle against the net.
You struggle against the net.
You struggle against the net.
The gnoll barely misses you.
It was a potion of curing.
You feel better.
A gnoll comes into view. It is wielding a +0 flail.
The gnoll hits you from afar with a +0 halberd!
You struggle against the net.
The gnoll barely misses you.
You shred the net and break free!
The gnoll hits you from afar with a +0 halberd!
* * * LOW HITPOINT WARNING * * *
You feel better.
The gnoll hits you from afar with a +0 halberd!
You die...

#........... #...........
... ######........... #
...##................
.............g........
..##.#...........).......
~~##.#........##g########
.~##...##.....##.#
..............##h#######
≈~........).# #.........
.........##)###.........
≈~.......##...#.........
~.......###.......######
........##........#
......(.##......>.....
........##........####
........##..........


You could see 2 gnolls.

Vanquished Creatures
  Sigmund (D:3)
  Jessica (D:3)
  2 dart slugs (D:1)
  3 ball pythons
  3 bats (D:1)
  5 endoplasms
  7 goblins
  A hobgoblin (D:3)
  A jackal (D:2)
  2 quokkas
  5 kobolds
  3 rats
34 creatures vanquished.

Notes
Turn   | Place    | Note
-------+----------+-------------------------------------------
     0 | D:1      | Shayle the Gnoll Shapeshifter began the quest for the Orb.
     0 | D:1      | Reached XP level 1. HP: 17/17 MP: 1/1
   180 | D:1      | Reached XP level 2. HP: 23/23 MP: 2/2
   514 | D:1      | Reached XP level 3. HP: 28/28 MP: 3/3
   921 | D:1      | Learned a level 3 spell: Mephitic Cloud
  1127 | D:3      | Reached skill level 1 in Invocations
  1251 | D:3      | Noticed Jessica
  1258 | D:3      | Killed Jessica
  1259 | D:3      | Reached skill level 1 in Short Blades
  1259 | D:3      | Reached skill level 1 in Long Blades
  1259 | D:3      | Reached skill level 1 in Axes
  1259 | D:3      | Reached skill level 1 in Maces & Flails
  1259 | D:3      | Reached skill level 1 in Polearms
  1259 | D:3      | Reached skill level 1 in Staves
  1259 | D:3      | Reached skill level 1 in Ranged Weapons
  1259 | D:3      | Reached skill level 1 in Throwing
  1259 | D:3      | Reached skill level 1 in Armour
  1259 | D:3      | Reached skill level 1 in Stealth
  1259 | D:3      | Reached skill level 1 in Shields
  1259 | D:3      | Reached skill level 1 in Spellcasting
  1259 | D:3      | Reached skill level 1 in Evocations
  1259 | D:3      | Reached XP level 4. HP: 34/34 MP: 5/5
  1271 | D:3      | Noticed Sigmund
  1288 | D:3      | Killed Sigmund
  1289 | D:3      | Reached skill level 1 in Conjurations
  1289 | D:3      | Reached skill level 1 in Hexes
  1289 | D:3      | Reached skill level 1 in Summonings
  1289 | D:3      | Reached skill level 1 in Necromancy
  1289 | D:3      | Reached skill level 1 in Translocations
  1289 | D:3      | Reached skill level 1 in Transmutations
  1289 | D:3      | Reached skill level 1 in Fire Magic
  1289 | D:3      | Reached skill level 1 in Ice Magic
  1289 | D:3      | Reached skill level 1 in Air Magic
  1289 | D:3      | Reached skill level 1 in Earth Magic
  1289 | D:3      | Reached skill level 1 in Poison Magic
  1289 | D:3      | Reached XP level 5. HP: 19/41 MP: 5/7
  1303 | D:3      | Slain by a gnoll

Illustrated notes

Levels and vault maps discovered:
D:1:      lemuel_arrival_broad_hall, layout_loops_ring, kennysheep_flooded_box
D:2:      layout_basic, minivault_4
D:3:      layout_basic, chequers_serial_rivers_marsh, uniq_jessica, uniq_sigmund

Skill      XL: |  1  2  3  4 |
---------------+-------------+-----
Invocations    | 1 2 |  2.0
Short Blades   | 1 |  1.7
Long Blades    | 1 |  1.7
Axes           | 1 |  1.7
Maces & Flails | 1 |  1.7
Polearms       | 1 |  1.7
Staves         | 1 |  1.7
Ranged Weapons | 1 |  1.7
Throwing       | 1 |  1.7
Armour         | 1 |  1.7
Stealth        | 1 |  1.7
Shields        | 1 |  1.7
Spellcasting   | 1 |  1.7
Evocations     | 1 |  1.7
Fighting       | 3 |  3.1
Conjurations   | 1 |  1.3
Hexes          | 1 |  1.3
Summonings     | 1 |  1.3
Necromancy     | 1 |  1.3
Translocations | 1 |  1.3
Transmutations | 1 |  1.3
Fire Magic     | 1 |  1.3
Ice Magic      | 1 |  1.3
Air Magic      | 1 |  1.3
Earth Magic    | 1 |  1.3
Poison Magic   | 1 |  1.3
Dodging        | |  4.9
Unarmed Combat | |  6.7
Shapeshifting  | |  6.6

Action                     |  1- 3 |  4- 6 || total
---------------------------+-------+-------++-------
  Melee: Unarmed           |    48 |     7 ||    55
         Bite              |     1 |       ||     1
         Punch             |       |     1 ||     1
    Use: Scroll            |       |     3 ||     3
         Potion            |       |     2 ||     2
   Stab: Sleeping          |     3 |       ||     3
 Armour: Animal skin       |     5 |     2 ||     7
  Dodge: Dodged            |    34 |     4 ||    38

Table legend: (Time is in decaauts)
 A = Elapsed time spent in this place.
 B = Non-inter-level travel time spent in this place.
 C = Inter-level travel time spent in this place.
 D = Time resting spent in this place.
 E = Time spent auto-exploring this place.
 F = Levels seen in this place.
 G = Mean time per level.
                   A        B        C        D        E       F      G
               +--------+--------+--------+--------+--------+-----+--------+
         Total |   1296 |   1198 |     98 |      0 |    930 |   3 |  432.0 |
       Dungeon |   1296 |   1198 |     98 |      0 |    930 |   3 |  432.0 |
               +--------+--------+--------+--------+--------+-----+--------+

Top non-repeatable levels by time:
     D:1: 846 daAuts
     D:3: 328 daAuts
     D:2: 121 daAuts
